 Dungeon Crawl Stone Soup version 0.27.0-66-gdc8fb28755 (webtiles) character file.

Game seed: 8067666145762005450

234 a11behringer the Magician (level 6, -2/40 HPs)
             Began as a Djinni Fire Elementalist on Aug 21, 2021.
             Was a Priest of Lugonu.
             Slain by a killer bee (6 damage)
             ... on level 4 of the Dungeon.
             The game lasted 00:32:23 (4273 turns).

a11behringer the Magician (DjFE)                    Turns: 4273, Time: 00:32:23

Health: -2/40      AC:  5    Str:  7    XL:     6   Next: 26%
Gold:   188        EV: 12    Int: 25    God:    Lugonu [***...] SH:  0 Dex: 13

rFire    + + .     SeeInvis .   m - +4 quarterstaff (chaos)
rCold    x . .     Faith    .   (shield currently unavailable)
rNeg     + . .     Spirit   .   a - +0 robe
rPois    ∞         Reflect  .   (no helmet)
rElec    .         Harm     .   n - +2 cloak
rCorr    .         Rampage  .   (no gloves)
Will     .....                  (boots unavailable)
Stlth    ++........             (no amulet)
HPRegen  0.13/turn              c - +6 ring of intelligence
MPRegen  0.00/turn              p - ring of positive energy

@: flying
A: sickness immunity, fire resistance 2, cold vulnerability 1, float, innate
caster, hp casting, extra vitality 1
a: Renounce Religion, Depart the Abyss, Bend Space, Banish


You were on level 4 of the Dungeon.
You worshipped Lugonu.
Lugonu was most pleased with you.
You visited 1 branch of the dungeon, and saw 4 of its levels.

You collected 188 gold pieces.

Inventory:

Hand Weapons
 e - a +0 short sword of electrocution
 h - a +0 dagger of venom
 i - a +0 hunting sling
 m - a +4 quarterstaff of chaos (weapon)
 s - a +0 rapier
Missiles
 j - 7 stones
Armour
 a - a +0 robe (worn)
 k - a +0 chain mail
 l - a +0 cloak
 n - a +2 cloak (worn)
Jewellery
 c - a +6 ring of intelligence (left hand)
 p - a ring of positive energy (right hand)
Wands
 r - a wand of paralysis (7)
Scrolls
 b - a scroll of enchant armour {unknown}
 o - a scroll of identify {unknown}
 q - a scroll of teleportation {unknown}
 u - a scroll of brand weapon
Potions
 d - 2 potions of might {unknown}
 f - 3 potions of attraction {unknown}
 g - 2 potions of curing {unknown}
 t - a potion of berserk rage {unknown}


   Skills:
 - Level 0.2 Fighting
 - Level 1.0 Short Blades
 - Level 2.0 Staves
 - Level 2.8 Dodging
 - Level 2.1 Stealth
 - Level 0.6 Unarmed Combat
 * Level 4.0 Spellcasting


You couldn't memorise any spells.
You knew the following spells:

 Your Spells              Type           Power      Damage    Failure   Level
a - Foxfire               Conj/Fire      100%       2x1d9     1%          1
b - Conjure Flame         Conj/Fire      25%        6-21      5%          3
c - Inner Flame           Hex/Fire       25%        N/A       5%          3
d - Sticky Flame          Conj/Fire      25%        2d5       17%         4
e - Fireball              Conj/Fire      12%        3d7       43%         5
f - Sting                 Tmut/Pois      100%       1d8       1%          1
g - Searing Ray           Conj           50%        3d5       2%          2
Your spell library was empty.

Dungeon Overview and Level Annotations

Branches:
Dungeon (4/15)
 Temple: D:4-7

Altars:
Fedhas
Lugonu


Innate Abilities, Weirdness & Mutations

You are immune to sickness and miasma.
You are immune to poison.
Your flesh is very heat resistant. (rF++)
You are vulnerable to cold. (rC-)
You float through the air rather than walking.
You learn spells naturally, not from books.
Your magical power is your life essence.
You have superior vitality. (+4 HP)


Message History

The worm evaporates and reforms as a killer bee!
The killer bee is lightly wounded.
The killer bee stings you. x2; The orc barely misses you.
You closely miss the killer bee.
The killer bee is lightly wounded.
The killer bee stings you but does no damage.
The killer bee stings you! The orc hits you with a +0 short sword.
Casting: Searing Ray (safe; 2% risk of failure)
Confirm with . or Enter, or press ? or * to list all spells.
You conjure some foxfire!
The killer bee barely misses you. x2
The orc hits you with a +0 short sword.
Casting: Foxfire (safe; 1% risk of failure)
Confirm with . or Enter, or press ? or * to list all spells.
You conjure some foxfire!
The foxfire hits the orc.
The orc is almost dead.
The foxfire hits the orc.
You kill the orc!
Lugonu accepts your kill. The killer bee misses you.
The killer bee barely misses you.
The foxfire hits the killer bee.
The killer bee is lightly wounded.
The foxfire hits the killer bee!
The killer bee is severely wounded.
The killer bee barely misses you.
You closely miss the killer bee.
The killer bee is severely wounded.
The killer bee stings you.
* * * LOW HITPOINT WARNING * * *
The killer bee stings you.
* * * LOW HITPOINT WARNING * * *
The killer bee closely misses you.
You miss the killer bee.
The killer bee is severely wounded.
The killer bee closely misses you. The killer bee barely misses you.
You closely miss the killer bee.
The killer bee is severely wounded.
The killer bee stings you.
* * * LOW HITPOINT WARNING * * *
The killer bee closely misses you. The killer bee stings you.
You die...

#.# .. # #.#
.# .. #(# .#
.##.###.###
.........?
##.##..#
#<...).#
##..†y.#
#.##@.#
#.#.........
#.#......###
#.#......#
#.#......#
#.#......#
#.#......#
#......#


You could see a killer bee.

Vanquished Creatures
  The ghost of SkeletonJelly the Slasher, an amateur DrMo (D:3)
  Crazy Yiuf (D:2)
  4 adders
  2 worms
  A dart slug (D:1)
  5 orcs
  2 endoplasms (D:3)
  2 giant cockroaches (D:3)
  3 goblins
  7 hobgoblins
  7 jackals
  6 kobolds
  5 quokkas
  7 ball pythons
  9 bats
  5 frilled lizards
  4 rats
71 creatures vanquished.

Vanquished Creatures (collateral kills)
  A foxfire (D:1)
1 creature vanquished.

Vanquished Creatures (others)
  79 foxfires
79 creatures vanquished.

Grand Total: 151 creatures vanquished

Notes
Turn   | Place    | Note
-------+----------+-------------------------------------------
     0 | D:1      | a11behringer the Djinni Fire Elementalist began the quest
                  | for the Orb.
     0 | D:1      | Reached XP level 1. HP: 15/15 MP: 0/0
    94 | D:1      | Reached XP level 2. HP: 9/21 MP: 0/0
   461 | D:1      | Found a faded altar of an unknown god.
   472 | D:1      | Became a worshipper of Lugonu the Unformed
   472 | D:1      | Reached * piety under Lugonu
   472 | D:1      | Reached ** piety under Lugonu
   889 | D:1      | Reached skill level 3 in Spellcasting
   950 | D:1      | Reached XP level 3. HP: 25/25 MP: 0/0
   950 | D:1      | Learned a level 1 spell: Sting
  1934 | D:2      | Reached XP level 4. HP: 16/31 MP: 0/0
  2384 | D:2      | Found a runed translucent door.
  2385 | D:2      | Noticed Crazy Yiuf
  2411 | D:2      | Killed Crazy Yiuf
  2412 | D:2      | Reached skill level 1 in Short Blades
  2881 | D:3      | Reached *** piety under Lugonu
  3060 | D:3      | Reached XP level 5. HP: 30/35 MP: 0/0
  3060 | D:3      | Learned a level 2 spell: Searing Ray
  3536 | D:3      | Found a blossoming altar of Fedhas.
  3644 | D:3      | Reached skill level 1 in Staves
  3755 | D:3      | Found a transporter.
  3756 | D:3      | Noticed SkeletonJelly's ghost (amateur DrMo)
  3757 | D:3      | Found a transporter.
  3762 | D:3      | Noticed an ogre
  3762 | D:3      | Identified the +10 dire flail of Defence {protect, Fragile
                  | rPois Will+}
  3762 | D:3      | Noticed an ogre
  3810 | D:3      | Noticed an ogre
  3829 | D:3      | Killed SkeletonJelly's ghost
  3830 | D:3      | Reached XP level 6. HP: 5/40 MP: 0/0
  4265 | D:4      | Reached skill level 4 in Spellcasting
  4273 | D:4      | Slain by a killer bee

Illustrated notes

Levels and vault maps discovered:
D:1:      minmay_arrival_solitary_statue, layout_basic,
          shapermc_ecumenical_altar_venn, minivault_25, serial_bayou_ford_a,
          amcnicky_mini_pool_small, hex_medium
D:2:      layout_rooms, minmay_misc_feat_square, minmay_domino_2,
          uniq_crazy_yiuf_cottage
D:3:      layout_basic, fedhas_altar_1, gammafunk_ghost_smash,
          chequers_serial_rivers_micro_a, kennysheep_generic_room_2
D:4:      layout_basic, uniq_blork_the_orc

Skill      XL: |  1  2  3  4  5  6 |
---------------+-------------------+-----
Spellcasting   | 3 4 |  4.0
Stealth        | 2 |  2.1
Short Blades   | 1 |  1.0
Staves         | 2 |  2.0
Fighting       | |  0.2
Dodging        | |  2.8
Unarmed Combat | |  0.6

Action                   |  1- 3 |  4- 6 || total
-------------------------+-------+-------++-------
Melee: Unarmed           |    30 |       ||    30
       Short sword       |    30 |    25 ||    55
       Dagger            |    26 |       ||    26
       Quarterstaff      |       |    50 ||    50
 Cast: Foxfire           |    25 |    24 ||    49
       Sting             |     1 |     1 ||     2
       Conjure Flame     |     1 |       ||     1
       Searing Ray       |       |     7 ||     7
  Use: Potion            |     2 |       ||     2
       Scroll            |     1 |       ||     1
 Stab: Sleeping          |     3 |     5 ||     8
Armor: Skin              |    14 |       ||    14
       Robe              |    10 |    30 ||    40
Dodge: Dodged            |    42 |    65 ||   107
